 Dungeon Crawl Stone Soup version 0.19.5 (webtiles) character file.

1849 theElss the Thaumaturge (level 8, -6/43 HPs)
             Began as a Deep Elf Conjurer on May 6, 2017.
             Was a Follower of Vehumet.
             Killed by divine providence
             ... invoked by an orc priest
              (11 damage)
             ... on level 7 of the Dungeon.
             The game lasted 00:26:41 (8124 turns).

theElss the Thaumaturge (Deep Elf Conjurer)         Turns: 8124, Time: 00:26:42

Health: -6/43      AC:  4    Str:  5    XL:     8   Next: 88%
Magic:  0/24       EV: 13    Int: 23    God:    Vehumet [*.....]
Gold:   134        SH:  0    Dex: 17    Spells: 5 memorised, 14 levels left

rFire  . . .     SeeInvis .     C - +0 dagger (venom)
rCold  . . .     Gourm    .     A - +0 leather armour (curse)
rNeg   . . .     Faith    .     (no shield)
rPois  +         Spirit   .     d - +0 helmet
rElec  .         Reflect  .     (no cloak)
rCorr  .         Harm     .     (no gloves)
MR     .....                    (no boots)
Stlth  ++........               (no amulet)
                                n - ring of poison resistance
                                k - +2 ring of dexterity

@: no status effects
A: no striking features
a: Renounce Religion


You were on level 7 of the Dungeon.
You worshipped Vehumet.
Vehumet was aware of your devotion.
You were not hungry.

You visited 2 branches of the dungeon, and saw 8 of its levels.

You collected 278 gold pieces.
You spent 144 gold pieces at shops.

Inventory:

Hand Weapons
 C - a +0 dagger of venom (weapon)
 E - a +0 whip of holy wrath
Armour
 a - a +0 robe
 d - a +0 helmet (worn)
 A - a cursed +0 leather armour (worn)
Jewellery
 k - a +2 ring of dexterity (left hand)
 n - a ring of poison resistance (right hand)
Wands
 w - a wand of disintegration (6/24)
 B - a wand of iceblast (13/15)
 F - a wand of confusion (22/48)
Scrolls
 g - 4 scrolls of enchant weapon
 i - 6 scrolls of remove curse
 j - a scroll of identify
 o - 3 scrolls of amnesia
 p - 2 scrolls of teleportation
 y - 2 scrolls of immolation {unknown}
Potions
 e - 4 potions of lignification
 f - a potion of mutation
 h - a potion of invisibility
 l - a potion of cure mutation
 q - a potion of cancellation
 r - a potion of resistance
 s - 2 potions of heal wounds
 u - a potion of brilliance
 v - a potion of flight
 x - 5 potions of curing
 z - 2 potions of might
Books
 b - a book of Conjurations

   Spells                             Type                      Level
   a - Magic Dart                     Conjuration                  1
   b - Searing Ray                    Conjuration                  2
   c - Dazzling Spray                 Conjuration/Hexes            3
   d - Fulminant Prism                Conjuration/Hexes            4
   e - Iskenderun's Mystic Blast      Conjuration                  4
   f - Iskenderun's Battlesphere      Conjuration/Charms           5
Comestibles
 c - 4 bread rations
 m - a meat ration
 t - 4 beef jerkies
 D - 2 slices of pizza


   Skills:
 + Level 1.2 Fighting
 + Level 0.2 Short Blades
 + Level 3.9 Dodging
 - Level 2.4 Stealth
 + Level 10.2 Spellcasting
 + Level 9.6 Conjurations
 * Level 1.8 Fire Magic


You had 14 spell levels left.
You knew the following spells:

 Your Spells              Type           Power        Failure   Level  Hunger
a - Magic Dart            Conj           ####         1%          1    None
b - Iskenderun's Battles  Conj/Chrm      ####....     38%         5    ####...
c - Searing Ray           Conj           ######       1%          2    None
d - Iskenderun's Mystic   Conj           ######..     1%          4    #......
e - Flame Tongue          Conj/Fire      #####        1%          1    None


Dungeon Overview and Level Annotations

Branches:
Dungeon (7/15)             Temple (1/1) D:4

Altars:
Ashenzari
Elyvilon
Fedhas
Gozag
Hepliaklqana
Kikubaaqudgha
Makhleb
Nemelex Xobeh
Okawaru
Qazlal
Ru
Sif Muna
Trog
Uskayaw
Vehumet
Xom
Yredelemnul
Zin
The Shining One

Shops:
D:4 !


Message History

Casting: Magic Dart
Confirm with . or Enter, or press ? or * to list all spells.
Aiming: Magic Dart
Press: ? - help, Shift-Dir - straight line, f/p - orc priest
Aim: an orc priest, wielding a trident (moderately wounded)
The magic dart hits the orc priest.
The orc priest is almost dead.
The orc priest barely misses you. The orc priest closely misses you.
You hit the orc priest but do no damage.
The orc priest is almost dead.
The orc priest mumbles some strange prayers to Beogh against you.
Pain shoots through your body!
* * * LOW HITPOINT WARNING * * *
You hit the orc priest but do no damage.
The orc priest is poisoned.
The orc priest is almost dead.
The orc priest mumbles some strange prayers to Beogh against you.
Beogh smites you!
You die...

#. ## .† .# #. .#
#.##.# ########
..#.# ####......#
#.#.#
#.......#.##.###.#.#
#.##.##.#.##....o..#
#.##....#.######@###
#.##.##........).#
.....##.#.########
#.........#
###########


You could see an orc priest.

Vanquished Creatures
  2 ice beasts
  A black bear (D:6)
  2 orc warriors
  A phantom (D:5)
  2 centaurs (D:5)
  3 bullfrogs (D:6)
  A scorpion (D:5)
  A howler monkey (D:5)
  A crimson imp (D:5)
  A bullfrog skeleton (D:4)
  4 hounds
  3 orc priests
  5 orc wizards
  2 worker ants (D:4)
  A hound zombie (D:5)
  3 hound skeletons
  The ghost of asdu the Ruffian, a weakling VSTm (D:3)
  6 gnolls
  12 adders
  4 shadow imps
  2 oozes
  3 worms (D:3)
  4 leopard geckos
  22 orcs
  2 ball pythons
  6 giant cockroaches
  10 goblins
  10 hobgoblins
  17 jackals
  2 quokkas
  8 bats
  8 frilled lizards
  7 kobolds
  4 rats
161 creatures vanquished.

Notes
Turn   | Place    | Note
-------+----------+-------------------------------------------
     0 | D:1      | theElss the Deep Elf Conjurer began the quest for the Orb.
     0 | D:1      | Reached XP level 1. HP: 10/10 MP: 6/6
   354 | D:1      | Reached XP level 2. HP: 12/15 MP: 0/8
   358 | D:1      | Learned a level 2 spell: Searing Ray
   723 | D:1      | Reached skill level 5 in Conjurations
  1243 | D:1      | Reached XP level 3. HP: 19/19 MP: 6/9
  2061 | D:2      | Found a glowing silver altar of Zin.
  2129 | D:2      | Reached XP level 4. HP: 24/24 MP: 6/11
  2856 | D:3      | Reached skill level 4 in Spellcasting
  2856 | D:3      | Reached XP level 5. HP: 28/28 MP: 3/13
  2947 | D:3      | Learned a level 5 spell: Iskenderun's Battlesphere
  2952 | D:3      | Learned a level 4 spell: Iskenderun's Mystic Blast
  2953 | D:3      | Noticed asdu's ghost (weakling VSTm)
  3038 | D:3      | Found a blossoming altar of Fedhas.
  3053 | D:3      | Found a sparkling altar of Nemelex Xobeh.
  3624 | D:3      | Killed asdu's ghost
  3876 | D:3      | Reached skill level 5 in Spellcasting
  4267 | D:4      | Reached XP level 6. HP: 32/32 MP: 11/15
  4516 | D:4      | Reached skill level 6 in Spellcasting
  4853 | D:4      | Found a glowing golden altar of the Shining One.
  4853 | D:4      | Found a stormy altar of Qazlal.
  4861 | D:4      | Found a shimmering altar of Xom.
  4864 | D:4      | Found a hide-covered altar of Uskayaw.
  4866 | D:4      | Found a burning altar of Makhleb.
  4937 | D:4      | Found Daashy's Distillery.
  4945 | D:4      | Bought a potion of heal wounds for 60 gold pieces
  4945 | D:4      | Bought a potion of flight for 36 gold pieces
  4945 | D:4      | Bought a potion of might for 48 gold pieces
  5151 | D:4      | Reached XP level 7. HP: 37/37 MP: 11/18
  5398 | D:4      | Found a staircase to the Ecumenical Temple.
  5413 | D:5      | Entered Level 5 of the Dungeon
  5436 | D:5      | Reached skill level 7 in Spellcasting
  5834 | Temple   | Entered the Ecumenical Temple
  5984 | Temple   | Became a worshipper of Vehumet
  6082 | D:5      | Reached skill level 8 in Spellcasting
  6521 | D:5      | Reached XP level 8. HP: 32/42 MP: 12/22
  6826 | D:6      | Reached skill level 1 in Fighting
  6826 | D:6      | Reached skill level 9 in Spellcasting
  7352 | D:6      | Reached * piety under Vehumet
  7352 | D:6      | Offered knowledge of Flame Tongue by Vehumet.
  7355 | D:6      | Learned a level 1 spell: Flame Tongue
  7614 | D:6      | Reached skill level 1 in Fire Magic
  7960 | D:7      | Reached skill level 10 in Spellcasting
  8124 | D:7      | Killed from afar by an orc priest

Skill      XL: |  1  2  3  4  5  6  7  8 |
---------------+-------------------------+-----
Conjurations   | 5 6 7 8 9 |  9.6
Spellcasting   | 4 5 6 8 10 | 10.2
Dodging        | 3 |  3.9
Fighting       | 1 |  1.2
Fire Magic     | 1 |  1.8
Short Blades   | |  0.2
Stealth        | |  2.4

Action                   |  1- 3 |  4- 6 |  7- 9 || total
-------------------------+-------+-------+-------++-------
Melee: Unarmed           |     1 |       |       ||     1
       Dagger            |       |       |    11 ||    11
 Cast: Magic Dart        |    78 |   105 |    86 ||   269
       Searing Ray       |     2 |    17 |    21 ||    40
       Iskenderun's Myst |       |     7 |    25 ||    32
  Use: Scroll            |       |     9 |     4 ||    13
  Eat: Chunk             |     4 |    10 |     8 ||    22
       Pizza             |       |       |     1 ||     1
Armor: Robe              |     5 |     2 |     1 ||     8
       Leather armour    |       |       |     8 ||     8
Dodge: Dodged            |    10 |    11 |    34 ||    55
